AoeStats
← SLTD.NinjaXXCrowXX

Four Lakes

508952204Analyzed
1v1 RM · 8d ago on Sep 24, 2026· 30m 27s· 2 players
Game mode
Random Map
Map size
Tiny (2 player)
Population
200
Speed
Normal
Resources
Standard
Victory
Conquest
Starting age
Dark Age
Ending age
Imperial Age
RankedLock teamsTeams togetherTeam positionsShared explorationLock speedFull tech treeHidden civsTurbo modeCheats
Victory
Defeat
🇦🇷 Ethiopians · Argentina
1100
+17
🇺🇸 Sicilians · United States
1128
-17
El Decapitador
6:50 Loom
9:44 Feudal Age
10:36 Double-Bit Axe
11:47 Town Watch
13:02 Fletching
20:56 Castle Age
20:27 Padded Archer Armor
20:58 Crossbowman
23:04 Bodkin Arrow
24:35 Leather Archer Armor
28:44 Wheelbarrow
28:40 Ballistics
28:48 Bow Saw
29:45 Thumb Ring
SLTD.NinjaXXCrowXX
7:38 Loom
10:20 Feudal Age
11:16 Double-Bit Axe
23:09 Fletching
26:02 Castle Age
26:47 Bodkin Arrow
28:07 Elite Skirmisher
28:57 Padded Archer Armor
Connection lost

Rejoining the realm…

Still unreachable

The connection could not be restored.

Session expired

The server has moved on; the page needs a fresh start.